 Dungeon Crawl Stone Soup version 0.31-a0-435-g2c6fae2916 (webtiles) character file.

Game seed: 17725856991243542567

88 cforsyth the Charlatan (level 4, -1/32 (34) HPs)
             Began as a Gnoll Artificer on Aug 1, 2023.
             Slain by Crazy Yiuf
             ... wielding a +3 quarterstaff of chaos
              (12 damage)
             ... on level 2 of the Dungeon.
             The game lasted 00:02:37 (2406 turns).

cforsyth the Charlatan (Gnoll Artificer)            Turns: 2406, Time: 00:02:38

HP:   -1/32 (34)    AC:  4    Str: 11    XL:     4   Next: 53%
MP:   5/5           EV: 12    Int: 12    God:
Gold: 103           SH:  0    Dex: 13    Spells: 5/5 levels left

rFire   . . .        a - +0 club
rCold   . . .        (no shield)
rNeg    . . .        b - +0 leather armour
rPois   .            k - +0 helmet
rElec   .            (no cloak)
rCorr   .            (no gloves)
SInv    .            (no boots)
Will    .....        (no amulet)
Stlth   ++           (no ring)
HPRegen 0.25/turn    (no ring)
MPRegen 0.09/turn

%: no passive effects
@: drained
A: fangs 1, strong nose, distributed training
a: no special abilities


You were on level 2 of the Dungeon.
You visited 1 branch of the dungeon, and saw 2 of its levels.

You collected 103 gold pieces.

Inventory:

Hand Weapons
 a - a +0 club (weapon)
Armour
 b - a +0 leather armour (worn)
 k - a +0 helmet (worn)
Wands
 c - a wand of flame (6) (quivered)
 d - a wand of charming (14)
 e - a wand of iceblast (5)
Scrolls
 h - a scroll of noise {unknown}
 j - 2 scrolls of identify {unknown}
 l - a scroll of blinking {unknown}
 n - a scroll of enchant armour {unknown}
 o - a scroll of fear {unknown}
Potions
 f - 2 potions of magic {unknown}
 g - 2 potions of haste {unknown}
 i - 2 potions of mutation {unknown}
 m - 2 potions of curing {unknown}


   Skills:
 + Level 2.8 Fighting
 + Level 1.2 Short Blades
 + Level 1.2 Long Blades
 + Level 1.2 Axes
 + Level 1.2 Maces & Flails
 + Level 1.2 Polearms
 + Level 1.2 Staves
 + Level 1.2 Ranged Weapons
 + Level 1.2 Throwing
 + Level 4.6 Armour
 + Level 2.8 Dodging
 + Level 2.6 Stealth
 + Level 1.2 Shields
 + Level 1.2 Unarmed Combat
 + Level 1.2 Spellcasting
 + Level 1.0 Conjurations
 + Level 1.0 Hexes
 + Level 1.0 Summonings
 + Level 1.0 Necromancy
 + Level 1.0 Translocations
 + Level 1.0 Transmutations
 + Level 1.0 Fire Magic
 + Level 1.0 Ice Magic
 + Level 1.0 Air Magic
 + Level 1.0 Earth Magic
 + Level 1.0 Poison Magic
 + Level 1.3 Invocations
 + Level 6.6 Evocations
 + Level 1.0 Shapeshifting


You had 5 spell levels left.
You didn't know any spells.
Your spell library was empty.

Dungeon Overview and Level Annotations

Branches:
Dungeon (2/15)

Altars:

Annotations:
D:2 Crazy Yiuf


Innate Abilities, Weirdness & Mutations

You have very sharp teeth.
Your uncanny sense of smell can sniff out nearby items.
Your experience applies equally to all skills.


Message History

There is an open door here.
Key pressed, stopping explore.
You see here a +0 hammer.
Could not explore, unopened runed door.
Could not explore, unopened runed door.
Could not explore, unopened runed door.
Press: ? - help, v - describe, . - travel
Here: Crazy Yiuf, wielding a +3 quarterstaff of chaos and wearing a +0 cloak (fire blocked by a runed translucent door)
The floor.
Unknown command.
You open the door.
Aiming: Throw Flame
Press: ? - help, Shift-Dir - straight line, f - Crazy Yiuf
Aim: Crazy Yiuf, wielding a +3 quarterstaff of chaos and wearing a +0 cloak (77% to hit)
The puff of flame misses Crazy Yiuf.
Crazy Yiuf closely misses you.
Aiming: Throw Flame
Press: ? - help, Shift-Dir - straight line, f/p - Crazy Yiuf
Aim: Crazy Yiuf, wielding a +3 quarterstaff of chaos and wearing a +0 cloak (77% to hit)
The puff of flame hits Crazy Yiuf!
Crazy Yiuf is moderately wounded.
Crazy Yiuf hits you with a +3 quarterstaff of chaos!
You feel drained.
Aiming: Throw Flame
Press: ? - help, Shift-Dir - straight line, f/p - Crazy Yiuf
Aim: Crazy Yiuf, wielding a +3 quarterstaff of chaos and wearing a +0 cloak (moderately wounded, 77% to hit)
The puff of flame hits Crazy Yiuf.
Crazy Yiuf is severely wounded.
Crazy Yiuf hits you with a +3 quarterstaff of chaos!
Aiming: Throw Flame
Press: ? - help, Shift-Dir - straight line, f/p - Crazy Yiuf
Aim: Crazy Yiuf, wielding a +3 quarterstaff of chaos and wearing a +0 cloak (severely wounded, 77% to hit)
The puff of flame hits Crazy Yiuf.
Crazy Yiuf is almost dead.
Crazy Yiuf barely misses you.
Aiming: Throw Flame
Press: ? - help, Shift-Dir - straight line, f/p - Crazy Yiuf
Aim: Crazy Yiuf, wielding a +3 quarterstaff of chaos and wearing a +0 cloak (almost dead, 77% to hit)
The puff of flame misses Crazy Yiuf.
Crazy Yiuf hits you with a +3 quarterstaff of chaos!
You die...

#.# #########.. ###
#.......#..
#.......#.. #####
#.......#.. #..)#
#.......#.. #.).#
#.......### ..)
#.......# #g#
#.......# ##@#
###'##### #)##
##.....# ##.#
#..###.# #.##
#..#.#.# ##.##
###..#.#.# #...##
#......#.# #....#
###.##.#.# #....#
#.##.#.#
#....######.##.#.###


You could see Crazy Yiuf.

Vanquished Creatures
  Robin (D:2)
  3 adders (D:2)
  A dart slug (D:2)
  4 ball pythons
  2 bats
  3 endoplasms
  14 goblins
  3 hobgoblins (D:1)
  5 jackals
  A kobold (D:1)
  A quokka (D:1)
  2 frilled lizards
  2 rats
42 creatures vanquished.

Vanquished Creatures (others)
  2 goblins
2 creatures vanquished.

Grand Total: 44 creatures vanquished

Notes
Turn   | Place    | Note
-------+----------+-------------------------------------------
     0 | D:1      | cforsyth the Gnoll Artificer began the quest for the Orb.
     0 | D:1      | Reached XP level 1. HP: 17/17 MP: 1/1
   129 | D:1      | Reached XP level 2. HP: 9/23 MP: 2/2
   492 | D:1      | Found a faded altar of an unknown god.
   950 | D:2      | Reached XP level 3. HP: 20/28 MP: 3/3
   994 | D:2      | Noticed Robin
  1152 | D:1      | Reached skill level 1 in Invocations
  1234 | D:2      | Killed Robin
  1418 | D:2      | Reached skill level 1 in Short Blades
  1418 | D:2      | Reached skill level 1 in Long Blades
  1418 | D:2      | Reached skill level 1 in Axes
  1418 | D:2      | Reached skill level 1 in Maces & Flails
  1418 | D:2      | Reached skill level 1 in Polearms
  1418 | D:2      | Reached skill level 1 in Staves
  1418 | D:2      | Reached skill level 1 in Ranged Weapons
  1418 | D:2      | Reached skill level 1 in Throwing
  1418 | D:2      | Reached skill level 1 in Shields
  1418 | D:2      | Reached skill level 1 in Unarmed Combat
  1418 | D:2      | Reached skill level 1 in Spellcasting
  1439 | D:2      | Reached XP level 4. HP: 28/34 MP: 5/5
  1885 | D:2      | Reached skill level 1 in Conjurations
  1885 | D:2      | Reached skill level 1 in Hexes
  1885 | D:2      | Reached skill level 1 in Summonings
  1885 | D:2      | Reached skill level 1 in Necromancy
  1885 | D:2      | Reached skill level 1 in Translocations
  1885 | D:2      | Reached skill level 1 in Transmutations
  1885 | D:2      | Reached skill level 1 in Fire Magic
  1885 | D:2      | Reached skill level 1 in Ice Magic
  1885 | D:2      | Reached skill level 1 in Air Magic
  1885 | D:2      | Reached skill level 1 in Earth Magic
  1885 | D:2      | Reached skill level 1 in Poison Magic
  1885 | D:2      | Reached skill level 1 in Shapeshifting
  2011 | D:2      | Found a runed translucent door.
  2012 | D:2      | Noticed Crazy Yiuf
  2406 | D:2      | Slain by Crazy Yiuf

Illustrated notes

Levels and vault maps discovered:
D:1:      nagdon_arrival_zigzag_paths, layout_basic,
          shapermc_ecumenical_altar_venn, corexii_hall_statues_s, hex_large,
          minmay_misc_feat_diagonals, chequers_big_river
D:2:      layout_basic, uniq_robin, uniq_crazy_yiuf_cottage

Skill      XL: |  1  2  3  4 |
---------------+-------------+-----
Invocations    | 1 |  1.3
Short Blades   | 1 |  1.2
Long Blades    | 1 |  1.2
Axes           | 1 |  1.2
Maces & Flails | 1 |  1.2
Polearms       | 1 |  1.2
Staves         | 1 |  1.2
Ranged Weapons | 1 |  1.2
Throwing       | 1 |  1.2
Shields        | 1 |  1.2
Unarmed Combat | 1 |  1.2
Spellcasting   | 1 |  1.2
Conjurations   | 1 |  1.0
Hexes          | 1 |  1.0
Summonings     | 1 |  1.0
Necromancy     | 1 |  1.0
Translocations | 1 |  1.0
Transmutations | 1 |  1.0
Fire Magic     | 1 |  1.0
Ice Magic      | 1 |  1.0
Air Magic      | 1 |  1.0
Earth Magic    | 1 |  1.0
Poison Magic   | 1 |  1.0
Shapeshifting  | 1 |  1.0
Fighting       | |  2.8
Armour         | |  4.6
Dodging        | |  2.8
Stealth        | |  2.6
Evocations     | |  6.6

Action                     |  1- 3 |  4- 6 || total
---------------------------+-------+-------++-------
  Melee: Club              |   158 |    65 ||   223
         Bite              |    13 |     5 ||    18
         Punch             |       |     2 ||     2
  Evoke: Wand              |     2 |     8 ||    10
   Stab: Sleeping          |     3 |     2 ||     5
 Armour: Leather armour    |    58 |    24 ||    82
  Dodge: Dodged            |   145 |    44 ||   189

Table legend: (Time is in decaauts)
 A = Elapsed time spent in this place.
 B = Non-inter-level travel time spent in this place.
 C = Inter-level travel time spent in this place.
 D = Time resting spent in this place.
 E = Time spent auto-exploring this place.
 F = Levels seen in this place.
 G = Mean time per level.
                   A        B        C        D        E       F      G
               +--------+--------+--------+--------+--------+-----+--------+
         Total |   2477 |   2456 |     21 |    303 |   1649 |   2 | 1238.5 |
       Dungeon |   2477 |   2456 |     21 |    303 |   1649 |   2 | 1238.5 |
               +--------+--------+--------+--------+--------+-----+--------+

Top non-repeatable levels by time:
     D:1: 1290 daAuts
     D:2: 1186 daAuts
